Map: Ujari

Players

DrJim - Winner!

  • Race: Protoss Protoss
  • League: Gold
  • Spawn Location: 0:00

BlackNova - Winner!

  • Race: Protoss Protoss
  • Spawn Location: 9:00

Metasapien - Winner!

  • Race: Zerg Zerg
  • League: Platinum
  • Spawn Location: 9:00

NitroJoe

  • Race: Terran Terran
  • League: Bronze
  • Spawn Location: 3:00

meinARSENAL

  • Race: Terran Terran
  • Spawn Location: 0:00

HAMMERSMASH

  • Race: Terran Terran
  • League: Platinum
  • Spawn Location: 3:00

VOD

Have the link to the VOD?

Description

Time

  • Played on: Sept. 23, 2017, 7:53 p.m.
  • Length: 15:53
Show
View Real Time Build Order
Export as new Build Order

DrJim Protoss - Winner!

Build Orders:  

Get SALT Encoding   

  12  0:21  Probe (Chrono Boost)  
  13  0:36  Pylon  
  13  0:38  Probe (Chrono Boost)  
  14  0:45  Assimilator  
  14  0:48  Probe (Chrono Boost)  
  15  0:59  Probe (Chrono Boost)  
  16  1:07  Gateway  
  16  1:09  Probe (Chrono Boost)  
  17  1:31  Probe (Chrono Boost)  
  18  1:41  Probe (Chrono Boost)  
  19  1:50  Nexus  
  19  1:52  Probe (Chrono Boost)  
  20  1:56  Pylon  
  20  2:02  Probe (Chrono Boost)  
  21  2:12  Cybernetics Core  
  21  2:13  Probe (Chrono Boost)  
  22  2:15  Assimilator  
  22  2:21  Assimilator  
  22  2:23  Probe (Chrono Boost)  
  23  2:34  Probe (Chrono Boost)  
  24  2:44  Probe (Chrono Boost)  
  25  2:51  Warp Gate (Chrono Boost)  
  25  2:56  Probe  
  26  3:08  Probe  
  27  3:13  Pylon  
  27  3:15  Pylon  
  27  3:19  Probe  
  27  3:20  Probe  
  29  3:29  Probe  
  29  3:32  Probe  
  31  3:34  Robotics Facility  
  31  3:35  Robotics Facility  
  31  3:40  Probe  
  31  3:45  Mothership Core  
  34  3:50  Probe  
  34  3:52  Stargate  
  35  4:06  Probe x2  
  37  4:14  Pylon  
  37  4:16  Pylon  
  37  4:17  Probe  
  37  4:18  Probe  
  37  4:23  Observer  
  37  4:24  Observer  
  41  4:27  Probe  
  41  4:29  Gateway  
  42  4:33  Gateway  
  42  4:37  Probe  
  42  4:38  Probe  
  43  4:42  Assimilator  
  44  4:54  Fleet Beacon  
  44  5:04  Probe (Chrono Boost)  
  44  5:06  Probe (Chrono Boost)  
  46  5:15  Probe (Chrono Boost)  
  46  5:17  Probe (Chrono Boost)  
  48  5:26  Probe (Chrono Boost), Robotics Facility  
  49  5:41  Robotics Bay  
  48  5:52  Tempest  
  54  6:01  Pylon  
  54  6:02  Pylon  
  54  6:18  Nexus  
  54  6:22  Stargate  
  54  6:23  Immortal x3  
  66  6:25  Stargate  
  66  6:36  Extended Thermal Lance  
  66  7:02  Observer  
  66  7:03  Observer x2  
  69  7:30  Colossus x2  
  81  7:41  Nexus  
  81  7:43  Tempest  
  87  7:59  Forge  
  87  8:00  Forge  
  87  8:03  Forge  
  87  8:07  Twilight Council  
  87  8:20  Observer Gravitic Boosters  
  87  8:37  Colossus  
  93  9:10  Probe (Chrono Boost)  
  93  9:11  Probe x2 (Chrono Boost)  
  96  9:21  Probe x2 (Chrono Boost)  
  96  9:22  Probe (Chrono Boost)  
  99  9:31  Probe (Chrono Boost)  
  99  9:32  Probe x2 (Chrono Boost)  
  101  9:42  Probe x2 (Chrono Boost)  
  101  9:43  Probe (Chrono Boost)  
  104  9:49  Stalker x2  
  109  9:53  Probe (Chrono Boost)  
  109  9:56  Protoss Ground Weapons Level 1, Protoss Shields Level 1, Protoss Ground Armor Level 1  
  109  10:00  Pylon  
  109  10:02  Probe (Chrono Boost), Pylon  
  109  10:03  Pylon  
  109  10:06  Pylon  
  108  10:09  Pylon  
  108  10:12  Pylon  
  108  10:14  Pylon  
  108  10:15  Pylon  
  108  10:17  Pylon  
  108  10:18  Pylon  
  108  10:22  Pylon  
  108  10:24  Colossus x2  
  108  10:25  Colossus  
  126  10:37  Probe x3 (Chrono Boost)  
  129  10:48  Probe x3 (Chrono Boost)  
  132  10:58  Probe x3 (Chrono Boost)  
  133  11:09  Probe x3 (Chrono Boost)  
  136  11:18  Colossus  
  128  11:21  Assimilator  
  134  11:26  Colossus x2  
  144  12:10  Tempest  
  144  12:11  Colossus  
  156  12:19  Colossus  
  156  12:20  Colossus  
  168  12:39  Protoss Ground Armor Level 2, Protoss Ground Weapons Level 2  
  168  13:55  Tempest x2  
  168  13:56  Tempest  
  186  14:11  Assimilator  
  186  14:38  Tempest  
Show
View Real Time Build Order
Export as new Build Order

BlackNova Protoss - Winner!

Build Orders: Colossus Rush 

Get SALT Encoding   

  12  0:04  Probe (Chrono Boost)  
  13  0:16  Probe (Chrono Boost)  
  14  0:22  Pylon  
  14  0:29  Probe (Chrono Boost)  
  14  0:33  Assimilator  
  15  0:47  Pylon  
  15  0:56  Gateway  
  15  0:58  Probe (Chrono Boost)  
  16  1:09  Probe (Chrono Boost)  
  17  1:18  Assimilator  
  17  1:19  Probe (Chrono Boost)  
  18  1:30  Probe (Chrono Boost)  
  19  1:40  Probe (Chrono Boost)  
  19  1:43  Cybernetics Core  
  19  1:46  Pylon  
  20  1:51  Probe (Chrono Boost)  
  22  2:08  Probe (Chrono Boost)  
  24  2:23  Mothership Core (Chrono Boost), Robotics Facility  
  24  2:25  Pylon  
  24  2:47  Probe (Chrono Boost)  
  24  2:50  Stalker (Chrono Boost)  
  27  2:57  Pylon  
  27  2:58  Probe  
  27  3:31  Probe  
  28  3:38  Robotics Bay  
  28  3:47  Probe  
  29  3:50  Pylon  
  29  3:51  Warp Gate (Chrono Boost)  
  29  3:56  Gateway x2  
  29  3:59  Probe  
  29  4:02  Nexus  
  30  4:24  Colossus (Chrono Boost)  
  36  4:46  Extended Thermal Lance (Chrono Boost)  
  34  4:54  Assimilator  
  34  5:00  Assimilator  
  34  5:06  Pylon  
  34  5:22  Colossus (Chrono Boost)  
  34  5:26  Probe  
  41  5:36  Probe  
  36  5:47  Probe  
  37  5:57  Probe  
  38  6:11  Colossus  
  41  6:25  Zealot x3  
  43  6:27  Probe  
  46  6:39  Probe  
  47  6:40  Pylon  
  47  6:51  Probe  
  46  7:37  Robotics Facility  
  46  8:07  Pylon  
  45  8:21  Pylon  
  45  8:23  Pylon  
  45  8:47  Probe  
  46  8:57  Probe  
  40  9:08  Probe  
  40  9:09  Stalker  
  44  9:10  Stalker  
  44  9:11  Observer (Chrono Boost)  
  44  9:12  Pylon  
  44  9:18  Pylon  
  44  9:22  Probe  
  43  9:33  Probe  
  42  9:44  Probe  
  43  9:48  Pylon  
  43  9:54  Probe  
  44  10:06  Probe, Observer Gravitic Boosters (Chrono Boost)  
  45  10:09  Stalker x2  
  45  10:11  Nexus  
  47  10:18  Probe  
  48  10:59  Pylon  
  48  11:03  Pylon  
  49  11:04  Observer  
  49  11:25  Probe, Observer  
  51  11:36  Probe  
  52  11:42  Stalker  
  52  11:43  Stalker  
  52  11:46  Probe  
  56  11:48  Assimilator  
  56  11:52  Assimilator  
  57  11:57  Probe  
  58  12:07  Probe  
  58  12:13  Nexus  
  59  12:19  Probe  
  60  12:23  Pylon  
  60  12:29  Probe  
  61  12:57  Stargate  
  61  13:00  Stargate  
  61  13:02  Stargate  
  61  13:05  Stargate  
  61  13:07  Pylon  
  61  13:10  Probe  
  62  13:21  Probe  
  62  13:22  Assimilator  
  63  13:27  Assimilator  
  63  13:28  Probe  
  64  13:38  Probe  
  65  13:43  Phoenix x2 (Chrono Boost)  
  65  13:46  Phoenix (Chrono Boost)  
  71  13:51  Probe  
  74  13:56  Phoenix (Chrono Boost)  
  74  14:03  Probe  
  75  14:15  Probe  
  76  14:20  Fleet Beacon  
  76  14:24  Pylon  
  76  14:31  Observer  
  77  14:49  Phoenix x2 (Chrono Boost)  
  77  14:51  Phoenix (Chrono Boost)  
  77  14:52  Phoenix (Chrono Boost)  
  85  15:06  Probe  
  86  15:11  Phoenix (Chrono Boost)  
  88  15:18  Probe  
  101  15:30  Probe  
Show
View Real Time Build Order
Export as new Build Order

Metasapien Zerg - Winner!

Build Orders: Hatch First 

Get SALT Encoding   

  12  0:01  Drone  
  13  0:36  Hatchery  
  13  0:37  Drone  
  13  0:51  Overlord  
  13  0:53  Drone  
  14  1:10  Spawning Pool  
  13  1:12  Extractor  
  13  1:14  Drone  
  13  1:19  Drone  
  14  1:41  Drone  
  14  1:46  Overlord, Drone  
  16  1:49  Drone  
  16  1:53  Drone  
  18  2:13  Hatchery  
  18  2:15  Drone  
  18  2:19  Drone  
  18  2:22  Drone  
  20  2:26  Drone  
  21  2:30  Drone  
  22  2:44  Queen  
  22  2:46  Drone  
  22  2:47  Drone  
  22  2:50  Drone  
  27  2:59  Queen  
  29  3:07  Drone  
  29  3:08  Drone  
  29  3:09  Overlord  
  31  3:16  Overlord  
  31  3:20  Drone  
  31  3:26  Extractor  
  31  3:32  Drone  
  32  3:38  Lair  
  32  3:40  Drone  
  32  3:41  Drone x2  
  34  3:43  Drone x2  
  37  3:58  Drone x2  
  37  3:59  Queen  
  37  4:00  Overlord x2  
  41  4:11  Roach Warren  
  41  4:12  Drone x2  
  41  4:14  Drone  
  43  4:18  Drone  
  43  4:19  Drone x3  
  47  4:24  Spore Crawler  
  47  4:27  Drone  
  47  4:32  Spine Crawler  
  46  4:42  Hydralisk Den  
  46  4:44  Drone  
  46  4:45  Drone x2  
  48  4:48  Drone x2  
  48  4:50  Extractor, Pneumatized Carapace  
  49  4:54  Roach x4  
  49  4:59  Drone x2  
  59  5:04  Extractor  
  58  5:08  Drone x3  
  58  5:11  Drone x2  
  58  5:12  Drone  
  64  5:18  Drone x2  
  66  5:21  Overlord x3  
  66  5:26  Extractor  
  66  5:27  Drone  
  66  5:32  Glial Reconstitution  
  66  5:34  Muscular Augments  
  66  5:40  Evolution Chamber  
  67  5:42  Drone x2  
  67  5:43  Drone  
  67  5:44  Evolution Chamber  
  67  5:46  Drone x3  
  67  5:49  Drone x2  
  72  5:52  Drone  
  72  5:53  Drone x2  
  75  5:59  Drone  
  76  6:05  Drone x4  
  76  6:06  Drone x2  
  76  6:09  Hydralisk x5  
  92  6:11  Overlord  
  92  6:13  Overlord  
  92  6:20  Overlord x2  
  92  6:21  Overlord  
  92  6:23  Hydralisk  
  92  6:24  Hydralisk  
  96  6:32  Hydralisk  
  96  6:33  Roach  
  100  6:46  Overseer x2  
  100  6:47  Overseer  
  100  6:50  Extractor  
  100  6:53  Overseer  
  91  7:13  Hydralisk  
  91  7:14  Hydralisk x4  
  91  7:15  Hydralisk x2, Roach x5  
  115  7:49  Overseer  
  115  7:51  Hydralisk  
  115  7:52  Roach x3, Hydralisk x4  
  115  7:53  Roach x2  
  115  7:54  Overlord x4  
  115  7:55  Overlord  
  135  8:05  Zerg Missile Weapons Level 1  
  135  8:09  Drone  
  134  8:27  Hydralisk x2  
  134  8:28  Roach, Hydralisk x3  
  134  8:29  Roach x2  
  144  8:46  Hydralisk x4  
  144  8:47  Roach x3  
  125  8:55  Ravager  
  125  8:56  Hydralisk  
  125  8:57  Roach  
  125  8:58  Zergling x2, Roach  
  125  8:59  Zergling x4  
  128  9:13  Hydralisk x2  
  128  9:14  Roach  
  134  9:21  Hatchery  
  134  9:22  Metabolic Boost  
  133  9:25  Hydralisk  
  133  9:26  Roach x2, Hydralisk  
  135  9:41  Ravager x2  
  133  9:46  Roach, Hydralisk x3  
  133  9:47  Roach x2  
  145  10:03  Nydus Network  
  142  10:16  Zerg Ground Armor Level 1  
  142  10:18  Zerg Missile Weapons Level 2  
  142  10:26  Hydralisk  
  142  10:27  Roach x3  
  152  10:28  Roach  
  152  10:30  Overlord x5  
  152  10:34  Drone  
  153  10:38  Overseer x2  
  153  10:47  Drone, Nydus Canal  
  154  10:56  Overlord x2  
  154  10:57  Overlord  
  154  11:00  Overseer x2  
  154  11:01  Tunneling Claws  
  154  11:11  Spore Crawler  
  153  11:21  Overlord x2  
  150  11:32  Roach, Hydralisk x5  
  158  11:33  Hydralisk, Roach x4  
  172  11:47  Nydus Canal  
  172  11:57  Overseer  
  172  12:02  Nydus Canal  
  172  12:11  Zergling x2  
  172  12:12  Zergling x22  
  184  12:21  Nydus Canal  
  184  12:29  Roach, Hydralisk x3  
  192  12:30  Roach x3  
  198  13:06  Extractor  
  198  13:07  Queen  
  198  13:08  Extractor  
  198  13:30  Nydus Canal  
  198  13:38  Spire  
  197  14:12  Zergling x2  
  198  14:22  Hatchery  
  197  14:28  Extractor  
  197  14:30  Extractor x2, Hatchery  
  190  14:33  Extractor  
  154  14:52  Zergling x2  
  154  14:53  Zergling x6, Mutalisk x6  
  154  14:54  Mutalisk x15  
  199  15:20  Extractor  
  199  15:21  Hatchery  
  197  15:24  Extractor  
Show
View Real Time Build Order
Export as new Build Order

NitroJoe Terran 

Build Orders:  

Get SALT Encoding   

  12  0:01  SCV  
  13  0:13  SCV  
  14  0:31  SCV  
  14  0:32  Supply Depot  
  15  1:01  Barracks  
  15  1:40  Supply Depot  
  15  1:45  Engineering Bay  
  15  2:03  Supply Depot  
  15  2:12  Marine  
  16  2:44  Refinery  
  16  2:47  SCV  
  16  2:48  Barracks  
  16  2:51  Marine  
  18  2:59  SCV  
  19  3:09  Marine  
  19  3:11  Orbital Command  
  20  3:27  Marine  
  21  4:01  Refinery  
  21  4:07  Marine  
  23  4:15  Barracks Reactor  
  22  4:24  Marine  
  23  4:42  Marine  
  24  4:59  Marine x2  
  26  5:00  Marine  
  27  5:17  Marine x2  
  27  5:18  Marine  
  30  5:24  Command Center  
  30  5:42  Barracks Tech Lab  
  30  5:44  Marine x2  
  30  5:46  Terran Infantry Weapons Level 1  
  32  6:10  Marine  
  32  6:11  Marine x2  
  34  6:13  Combat Shields  
  35  6:24  SCV  
  36  6:28  Marine x2  
  36  6:29  Marine  
  39  6:36  SCV  
  40  6:44  Missile Turret  
  40  6:46  Marine x2  
  42  7:03  Marine  
  42  7:04  Marine  
  44  7:16  Orbital Command  
  44  7:26  Command Center  
  44  7:35  Marine  
  44  7:36  Marine  
  46  7:40  Marauder  
  46  7:42  Stimpack  
  46  7:43  Terran Infantry Armor Level 1  
  48  7:50  SCV  
  49  7:53  Marine x2  
  51  8:02  SCV  
  52  8:11  Marine x2  
  54  8:31  Refinery  
  54  8:32  Refinery  
  54  8:37  Marine x2  
  54  8:38  SCV  
  54  8:40  Missile Turret  
  41  8:50  SCV  
  42  9:02  SCV  
  28  9:12  Marauder, Marine  
  28  9:13  Marine  
  28  9:19  Planetary Fortress  
  25  9:26  Barracks  
  25  9:30  Marine x2  
  27  9:44  Marauder  
  25  9:48  Marine x2  
  21  10:19  Marine  
  21  10:20  Supply Depot  
  17  10:37  Marine  
  18  10:44  Supply Depot  
Show
View Real Time Build Order
Export as new Build Order

meinARSENAL Terran 

Build Orders: Mech 

Get SALT Encoding   

  12  0:01  SCV  
  13  0:17  Supply Depot  
  13  0:25  Refinery, SCV  
  14  0:37  SCV  
  15  0:44  Barracks  
  15  0:52  SCV  
  16  1:04  SCV  
  17  1:16  Refinery, SCV  
  18  1:29  SCV  
  19  1:39  Factory  
  19  1:42  SCV  
  20  1:54  SCV  
  21  2:04  Factory  
  21  2:06  SCV  
  22  2:18  SCV  
  23  2:22  Factory Tech Lab  
  23  2:29  Engineering Bay  
  23  2:35  Supply Depot  
  23  2:45  Orbital Command  
  23  2:53  Factory Tech Lab  
  23  2:59  Missile Turret  
  23  3:09  Siege Tank  
  26  3:19  Siege Tank  
  28  3:36  Missile Turret  
  28  3:41  Missile Turret  
  28  3:50  SCV  
  29  4:17  Siege Tank x2  
  35  4:21  Supply Depot  
  35  4:25  Armory  
  35  4:28  SCV  
  36  5:01  Widow Mine x2  
  36  5:04  Infernal Pre-Igniter  
  40  5:16  Terran Vehicle And Ship Armor Level 1  
  40  5:17  Factory  
  40  5:48  Widow Mine x2  
  44  6:37  Factory Reactor  
  44  6:38  Factory  
  44  6:39  Drilling Claws  
  44  6:42  SCV  
  45  6:54  SCV  
  46  6:58  Command Center  
  46  7:06  Command Center  
  46  7:24  Siege Tank  
  46  7:30  Siege Tank  
  41  7:39  Factory Reactor, Widow Mine  
  41  7:40  Widow Mine  
  45  7:53  Factory  
  45  7:56  Widow Mine  
  47  8:06  Widow Mine  
  47  8:09  Refinery  
  47  8:11  Missile Turret  
  47  8:12  Refinery, Missile Turret  
  45  8:16  Refinery  
  45  8:20  Refinery  
  37  8:29  Planetary Fortress  
  31  8:55  Siege Tank, Factory Tech Lab  
  31  8:56  Widow Mine  
  31  8:57  Widow Mine x2  
  40  9:12  Missile Turret  
  40  9:13  Missile Turret  
  40  9:15  Missile Turret  
  36  9:35  Widow Mine  
  36  9:36  Widow Mine  
  6  10:15  Missile Turret  
  6  10:26  Factory  
  6  10:27  Factory  
  6  10:30  Factory  
  6  10:40  Engineering Bay  
Show
View Real Time Build Order
Export as new Build Order

HAMMERSMASH Terran 

Build Orders:  

Get SALT Encoding   

  12  0:01  SCV  
  13  0:13  SCV  
  14  0:24  Supply Depot  
  14  0:31  SCV  
  14  0:35  Refinery  
  15  0:46  SCV  
  16  0:53  Barracks  
  16  0:58  SCV  
  17  1:11  SCV  
  17  1:18  Refinery  
  18  1:23  SCV  
  19  1:46  SCV  
  20  1:57  Factory  
  20  2:00  SCV, Ghost Academy  
  21  2:12  SCV  
  22  2:21  Barracks Tech Lab  
  22  2:25  SCV  
  23  2:36  Ghost Academy  
  23  2:47  Starport  
  23  2:58  Supply Depot  
  23  3:19  Widow Mine  
  23  3:20  SCV  
  23  3:25  Medivac  
  28  3:30  Engineering Bay  
  28  3:32  SCV  
  28  3:33  Command Center  
  29  3:44  SCV  
  29  3:46  Personal Cloaking  
  30  4:05  Starport Tech Lab  
  30  4:13  Supply Depot  
  30  4:34  Medivac, Widow Mine  
  34  4:38  Ghost  
  36  5:01  Planetary Fortress  
  36  5:02  Widow Mine  
  37  5:27  Nuke x2  
  37  5:34  Ghost Academy  
  37  5:48  Starport Tech Lab  
  37  5:51  Command Center, SCV  
  38  6:03  SCV  
  39  6:15  SCV  
  40  6:27  SCV  
  41  6:39  SCV  
  42  6:44  Nuke  
  42  6:49  Nuke  
  42  7:12  Nuke  
  42  7:44  SCV  
  41  7:56  SCV  
  41  7:58  Corvid Reactor  
  42  8:08  SCV  
  42  8:09  Starport, Supply Depot  
  43  8:20  SCV  
  44  8:29  Missile Turret  
  44  8:31  Missile Turret, Supply Depot  
  44  8:33  Missile Turret  
  44  8:34  Missile Turret  
  43  8:37  Missile Turret  
  43  8:40  Missile Turret  
  38  8:46  Starport  
  38  8:47  Factory Tech Lab  
  37  8:54  SCV  
  32  9:16  Refinery  
  32  9:17  SCV  
  32  9:19  Refinery  
  32  9:29  SCV  
  27  9:57  SCV  
  28  10:09  SCV  
  29  10:21  SCV  
  30  10:33  SCV  
  29  10:45  SCV  
  28  10:57  SCV  
  27  12:04  Supply Depot  
  27  12:06  Supply Depot  
  27  12:07  Supply Depot  
  27  12:08  Supply Depot  
  27  12:09  Supply Depot x2  
  27  12:12  Supply Depot x2  
  27  12:13  Supply Depot  
  27  12:14  Supply Depot  
  27  12:15  Supply Depot x2  
  27  12:17  Supply Depot  
  27  12:18  Supply Depot  
  27  12:19  Supply Depot x2  
  27  12:21  Supply Depot x2  
  27  12:22  Supply Depot x2  
  27  12:25  Supply Depot  
  27  12:28  Supply Depot  
  27  12:29  Supply Depot  
  24  12:30  Supply Depot  
  24  12:33  Supply Depot  
  24  12:34  Supply Depot  
  24  12:36  Supply Depot  
Tags
 
Add a new tag
Caveats
  • Supply blocks, unpowered buildings, or Contaminate may cause inaccurate times.
  • Supply counts are checked every 10 seconds.